 Dungeon Crawl Stone Soup version 0.28.0 (webtiles) character file.

Game seed: 12226000476526408953

305 zeram the Covered (level 6, -2/38 HPs)
             Began as a Gargoyle Fighter on Feb 14, 2022.
             Was an Initiate of Gozag.
             Slain by a gnoll shaman (3 damage)
             ... on level 4 of the Dungeon.
             The game lasted 00:03:33 (3187 turns).

zeram the Covered (Gargoyle Fighter)                Turns: 3187, Time: 00:03:33

Health: -2/38      AC: 11    Str: 21 (22) XL:     6   Next: 39%
Magic:  6/6        EV:  9    Int:  5 (8)  God:    Gozag
Gold:   126        SH:  4    Dex:  7 (9)  Spells: 5/5 levels left

rFire   . . .      SeeInvis .   h - +1 whip (venom)
rCold   . . .      Faith    .   c - +0 buckler
rNeg    + . .      Spirit   .   b - +0 scale mail
rPois   ∞          Reflect  .   (no helmet)
rElec   +          Harm     .   (no cloak)
rCorr   .          Rampage  .   (no gloves)
Will    .....                   (no boots)
Stlth   ..........              (no amulet)
HPRegen 0.12/turn               (no ring)
MPRegen 0.10/turn               (no ring)

@: invisible
A: sickness immunity, AC +4, negative energy resistance 1, electricity
resistance, torment resistance 1, petrification resistance
a: Renounce Religion, Potion Petition, Call Merchant, Bribe Branch


You were on level 4 of the Dungeon.
You worshipped Gozag.
Gozag was aware of your devotion.
You visited 1 branch of the dungeon, and saw 4 of its levels.

You collected 178 gold pieces.
You paid 52 gold pieces to Gozag.

Inventory:

Hand Weapons
 a - a +0 flail
 h - a +1 whip of venom (weapon)
Armour
 b - a +0 scale mail (worn)
 c - a +0 buckler (worn)
Jewellery
 l - a ring of ice
Scrolls
 e - a scroll of amnesia {unknown}
 g - 4 scrolls of identify {unknown}
 i - 2 scrolls of magic mapping
 k - a scroll of teleportation
 m - a scroll of fear {unknown}
 n - a scroll of enchant weapon {unknown}
 q - a scroll of noise {unknown}
Potions
 o - a potion of magic


   Skills:
 + Level 4.2 Fighting
 + Level 4.4 Maces & Flails
 + Level 4.8 Armour
 + Level 1.1 Dodging
 + Level 3.9 Shields


You had 5 spell levels left.
You didn't know any spells.
Your spell library contained the following spells:

 Spells                   Type           Power      Damage    Failure   Level
 Corpse Rot               Necr/Air       0%         N/A       95%         2
 Poisonous Vapours        Pois/Air       0%         N/A       95%         2
 Borgnjor's Revivificati  Necr           0%         N/A       100%        8
 Necromutation            Tmut/Necr      0%         N/A       100%        8
 Death's Door             Necr           0%         N/A       100%        9


Dungeon Overview and Level Annotations

Branches:
Dungeon (4/15)
 Temple: D:4-7

Altars:
Gozag

Shops:
D:1 =


Innate Abilities, Weirdness & Mutations

You are immune to sickness and miasma.
Your stone body is resilient. (AC +4)
You are immune to poison.
You resist negative energy. (rN+)
You are resistant to electric shocks. (rElec)
You are resistant to unholy torment.
You are immune to petrification.


Message History

The gnoll shaman is moderately wounded.
The gnoll hits you with a +0 flail. The gnoll hits you with a +0 club.
You block the gnoll shaman's attack. The gnoll hits you with a +0 club.
You block the gnoll's attack.
Unknown command.
You hit the gnoll shaman.
The gnoll shaman is poisoned.
The gnoll shaman is heavily wounded.
The gnoll hits you but does no damage. The gnoll barely misses you.
The gnoll shaman barely misses you. The gnoll hits you but does no damage.
You hit the gnoll shaman.
The gnoll shaman is heavily wounded.
The gnoll hits you with a +0 flail. The gnoll hits you but does no damage.
The gnoll shaman hits you with a +0 club.
The gnoll hits you but does no damage. The gnoll hits you with a +0 flail!
* * * LOW HITPOINT WARNING * * *
You are too injured to fight recklessly!
Unknown command.
You are too injured to fight recklessly!
The gnoll barely misses you.
The gnoll shaman calls upon its god to speed up the gnoll.
The gnoll seems to speed up.
The gnoll hits you with a +0 flail.
* * * LOW HITPOINT WARNING * * *
It was a potion of magic.
Magic courses through your body.
The gnoll shaman mumbles some strange prayers to its god.
The gnoll shaman is healed somewhat.
It was a potion of cancellation.
Your magical effects are unravelling.
You feel magically purged.
You are no longer glowing.
The gnoll barely misses you.
It was a potion of degeneration.
There was something very wrong with that liquid.
You feel weakened.
You feel dopey.
You feel clumsy.
The gnoll is distracted by your dazzling golden aura.
It was a potion of invisibility.
You fade into invisibility!
The gnoll shaman hits you with a +0 club.
You die...
Your body crumbles into a pile of gold.

##....## ...# #....##
... #...## #..# ##...#
#...## ##...## #...#
#.....## #..## #......#
#...# #......##
#########@.####.......##
#......gg#..##...##....#
.......gg#..##..########
......$.###.....#
.......## #....##
......# ##...# .....#
##.## ....# #.# ...# #.#


You could see a gnoll shaman (poisoned) and 3 gnolls.

Vanquished Creatures
  A bullfrog (D:3)
  The ghost of Selrock the Sneak, an amateur SpEn of Ignis (D:3)
  A gnoll (D:4)
  11 adders
  A worm (D:3)
  2 dart slugs
  An orc (D:3)
  4 endoplasms
  2 giant cockroaches
  3 hobgoblins
  4 jackals (D:1)
  9 kobolds
  8 ball pythons
  4 bats
  5 frilled lizards
  5 goblins
  6 rats
68 creatures vanquished.

Notes
Turn   | Place    | Note
-------+----------+-------------------------------------------
     0 | D:1      | zeram the Gargoyle Fighter began the quest for the Orb.
     0 | D:1      | Reached XP level 1. HP: 14/14 MP: 1/1
    56 | D:1      | Reached XP level 2. HP: 17/19 MP: 2/2
   980 | D:1      | Reached XP level 3. HP: 24/24 MP: 3/3
  1006 | D:1      | Found Juraer's Jewellery Boutique.
  1208 | D:1      | Found a faded altar of an unknown god.
  1625 | D:2      | Reached XP level 4. HP: 26/29 MP: 4/4
  2260 | D:3      | Reached XP level 5. HP: 27/33 MP: 5/5
  2757 | D:3      | Found a runed translucent gate.
  2757 | D:3      | Found a runed translucent gate.
  2758 | D:3      | Found a runed translucent gate.
  2759 | D:3      | Found an opulent altar of Gozag.
  2760 | D:3      | Noticed Selrock's ghost (amateur SpEn)
  2878 | D:3      | Reached skill level 1 in Dodging
  2878 | D:3      | Reached XP level 6. HP: 23/38 MP: 6/6
  2882 | D:3      | Killed Selrock's ghost
  3119 | D:3      | Became a worshipper of Gozag Ym Sagoz the Greedy
  3183 | D:4      | HP: 1/38 [gnoll (6)]
  3187 | D:4      | Slain by a gnoll shaman

Illustrated notes

Levels and vault maps discovered:
D:1:      grunt_arrival_lava_bath, layout_basic, basic_ecumenical_altar,
          serial_shops, nicolae_shop_statue_plus, due_unseen_surprise
D:2:      layout_basic, minmay_misc_feat_tower, grunt_ministairs_3,
          serial_park_tiny_pond, minmay_tetromino_s4
D:3:      layout_loops_ring, ebering_ghost_gozag
D:4:      kennysheep_six_static_rooms, layout_cave_pods,
          mainiacjoe_overflow_alcove_2

Skill      XL: |  1  2  3  4  5 |
---------------+----------------+-----
Maces & Flails | 3 4 |  4.4
Armour         | 4 |  4.8
Fighting       | 4 |  4.2
Dodging        | 1 |  1.1
Shields        | |  3.9

Action                   |  1- 3 |  4- 6 || total
-------------------------+-------+-------++-------
Melee: Flail             |    60 |       ||    60
       Whip              |    38 |   118 ||   156
  Use: Scroll            |     4 |       ||     4
       Potion            |       |     5 ||     5
Armor: Scale mail        |    46 |    52 ||    98
Dodge: Dodged            |    55 |    49 ||   104
Block: Buckler           |    17 |    23 ||    40
